 Dungeon Crawl Stone Soup version 0.25-a0-24-g72dcfe0359 (webtiles) character file.

Game seed: 1099369969173567031, levelgen mode: deterministic

123 MalarOregon the Conjurer (level 4, -3/36 HPs)
             Began as a Draconian Conjurer on Oct 17, 2019.
             Killed by divine providence
             ... invoked by an orc priest
              (13 damage)
             ... on level 3 of the Dungeon.
             The game lasted 00:06:03 (2352 turns).

MalarOregon the Conjurer (Draconian Conjurer)       Turns: 2352, Time: 00:06:04

Health: -3/36      AC:  5    Str: 10    XL:     4   Next: 80%
Magic:  0/8        EV: 13    Int: 16    God:
Gold:   106        SH:  0    Dex: 12    Spells: 7/8 levels left

rFire    . . .     SeeInvis .   a - +0 dagger
rCold    . . .     Gourm    .   (no shield)
rNeg     . . .     Faith    .   (armour unavailable)
rPois    .         Spirit   .   (helmet restricted)
rElec    .         Reflect  .   (no cloak)
rCorr    .         Harm     .   (no gloves)
MR       .....                  (no boots)
Stlth    ++........             (no amulet)
HPRegen  0.12/turn              (no ring)
MPRegen  0.11/turn              (no ring)

@: no status effects
A: unfitting armour, cold-blooded, AC +5
a: no special abilities


You were on level 3 of the Dungeon.
You were not hungry.

You visited 1 branch of the dungeon, and saw 3 of its levels.

You collected 106 gold pieces.

Inventory:

Hand Weapons
 a - a +0 dagger (weapon)
   (You found it on level 1 of the Dungeon)
Jewellery
 g - an uncursed amulet of magic regeneration {unknown}
   (You found it on level 1 of the Dungeon)
 m - a cursed ring of attention {unknown}
   (You found it on level 2 of the Dungeon)
Scrolls
 d - a scroll of enchant armour
 h - 2 scrolls of teleportation {unknown}
 l - a scroll of remove curse {unknown}
 n - 3 scrolls of identify {unknown}
Potions
 c - a potion of flight {unknown}
 f - a potion of might {unknown}
 j - a potion of agility {unknown}
 k - a potion of magic {unknown}
Comestibles
 b - a chunk of flesh
 e - 6 rations {!d}


   Skills:
 + Level 2.2 Fighting
 + Level 2.7 Dodging
 - Level 1.7 Stealth
 + Level 2.9 Spellcasting
 + Level 4.6 Conjurations


You had 7 spell levels left.
You knew the following spells:

 Your Spells              Type           Power        Failure   Level  Hunger
a - Magic Dart            Conj           ###.         2%          1    #......

Your spell library contained the following spells:

 Spells                   Type           Power        Failure   Level  Hunger
 Searing Ray              Conj           ###...       4%          2    ##.....
 Confusing Touch          Hex            #.....       19%         1    #......
 Dazzling Spray           Conj/Hex       #.....       22%         3    ###....
 Iskenderun's Mystic Bla  Conj           ###.....     28%         4    #####..
 Confuse                  Hex            #.......     50%         3    ###....
 Gell's Gravitas          Tloc           #.........   50%         3    ###....
 Force Lance              Conj/Tloc      #.......     58%         4    #####..
 Fulminant Prism          Conj/Hex       #.........   58%         4    #####..
 Petrify                  Tmut/Erth      #.......     88%         4    #####..
 Metabolic Englaciation   Hex/Ice        #.........   99%         5    ######.
 Yara's Violent Unravell  Hex/Tmut       #.........   99%         5    ######.


Dungeon Overview and Level Annotations

Branches:
Dungeon (3/15)

Altars:
Wu Jian


Innate Abilities, Weirdness & Mutations

Your plain brown scales are hard. (AC +5)
You cannot fit into any form of body armour.
You are cold-blooded and may be slowed by cold attacks.


Message History

b - 2 chunks of flesh (gained 1)
Things that are here:
a +0 dagger; an orc skeleton There isn't anything to butcher here.
There is a stone staircase leading down here.
You start resting.
Eating one of 2 chunks of flesh.
You eat one of the 2 chunks of flesh.
You start resting.
Unknown command.
You climb downwards.
The orc priest calls down the wrath of Beogh upon you.
Pain shoots through your body!
There is a stone staircase leading up here.
Aim: an orc priest, wielding a +0 hand axe and wearing a cursed +0 leather armour The magic dart hits the orc priest.
Aim: an orc priest, wielding a +0 hand axe and wearing a cursed +0 leather armour (lightly wounded)
The magic dart hits the orc priest but does no damage.
The orc priest hits you with a +0 hand axe.
Aim: an orc priest, wielding a +0 hand axe and wearing a cursed +0 leather armour (lightly wounded)
The magic dart hits the orc priest.
The orc priest hits you with a +0 hand axe.
Aim: an orc priest, wielding a +0 hand axe and wearing a cursed +0 leather armour (lightly wounded)
The magic dart hits the orc priest but does no damage.
The orc priest miscasts a cantrip.
Aim: an orc priest, wielding a +0 hand axe and wearing a cursed +0 leather armour (lightly wounded)
The magic dart hits the orc priest.
The orc priest closely misses you.
Aim: an orc priest, wielding a +0 hand axe and wearing a cursed +0 leather armour (moderately wounded)
The magic dart hits the orc priest.
The orc priest hits you but does no damage.
Aim: an orc priest, wielding a +0 hand axe and wearing a cursed +0 leather armour (moderately wounded)
The magic dart hits the orc priest but does no damage.
The orc priest barely misses you.
Aim: an orc priest, wielding a +0 hand axe and wearing a cursed +0 leather armour (moderately wounded)
The magic dart hits the orc priest but does no damage.
The orc priest hits you with a +0 hand axe.
You don't have enough magic to cast that spell.
You hit the orc priest. You tail-slap the orc priest.
The orc priest hits you with a +0 hand axe!
* * * LOW HITPOINT WARNING * * *
Aim: an orc priest, wielding a +0 hand axe and wearing a cursed +0 leather armour (severely wounded)
The magic dart hits the orc priest.
The orc priest mumbles some strange prayers to Beogh against you.
Beogh smites you!
* * * LOW HITPOINT WARNING * * *
It was a potion of cancellation.
You feel magically purged.
The orc priest hits you but does no damage.
It was a potion of curing.
You feel better.
The orc priest mumbles some strange prayers to Beogh against you.
Beogh smites you!
You die...

######### #.......#
#.......# #.......#
#.......#
#....>..##### #
#.......#@o.# #.
####.########.#
.###.รท...o...oo..#
..#.#############
#.#.#
####.#.########
..........o..>#
####.#.####..$#
####...####.#.#


You could see an orc priest.

Vanquished Creatures
  A hound (D:2)
  An adder (D:3)
  A worm (D:2)
  2 dart slugs
  2 leopard geckos
  6 orcs
  3 giant cockroaches (D:1)
  9 goblins
  7 hobgoblins
  11 jackals
  A quokka (D:2)
  5 bats
  8 kobolds
  4 rats
61 creatures vanquished.

Notes
Turn   | Place    | Note
-------+----------+-------------------------------------------
     0 | D:1      | MalarOregon the Draconian Conjurer began the quest for the
                  | Orb.
     0 | D:1      | Reached XP level 1. HP: 14/14 MP: 3/3
   421 | D:1      | Reached XP level 2. HP: 22/22 MP: 1/5
   537 | D:1      | Reached skill level 1 in Fighting
   898 | D:1      | Reached XP level 3. HP: 24/28 MP: 2/6
  1172 | D:2      | Found an ornate altar of the Wu Jian Council.
  1313 | D:2      | Found a faded altar of an unknown god.
  1773 | D:2      | Reached XP level 4. HP: 36/36 MP: 2/8
  2352 | D:3      | Killed from afar by an orc priest

Levels and vault maps discovered:
D:1:      dpeg_arrival_simpleton_c, layout_rooms
D:2:      layout_basic, lemuel_crystal_altar,
          chequers_ecumenical_altar_simple_redux
D:3:      layout_basic, elyvilon_altar_1

Skill      XL: |  1  2  3  4 |
---------------+-------------+-----
Dodging        | 2 |  2.7
Fighting       | 1 2 |  2.2
Stealth        | |  1.7
Spellcasting   | |  2.9
Conjurations   | |  4.6

Action                   |  1- 3 |  4- 6 || total
-------------------------+-------+-------++-------
Melee: Unarmed           |    20 |       ||    20
       Dagger            |   103 |    74 ||   177
       Tailslap          |     4 |     6 ||    10
 Cast: Magic Dart        |    62 |    36 ||    98
  Use: Scroll            |     1 |       ||     1
       Potion            |       |     2 ||     2
 Stab: Sleeping          |     1 |       ||     1
  Eat: Chunk             |     4 |     2 ||     6
Armor: Skin              |    37 |    26 ||    63
Dodge: Dodged            |    85 |    53 ||   138

Table legend:
 A = Non-vault XP
 B = Vault XP
 C = Vault XP percentage of total XP
 D = Non-vault monster count
 E = Vault monster count
 F = Vault count percentage of total count
                 A         B        C        D         E       F
            +---------+---------+-------+---------+---------+-------
      Total |     177 |       0 |   0.0 |      61 |       0 |   0.0
            +---------+---------+-------+---------+---------+-------
        D:1 |      49 |       0 |   0.0 |      27 |       0 |   0.0
        D:2 |      88 |       0 |   0.0 |      23 |       0 |   0.0
        D:3 |      40 |       0 |   0.0 |      11 |       0 |   0.0
            +---------+---------+-------+---------+---------+-------
